 Dungeon Crawl Stone Soup version 0.22-a0-525-gf69a080 (webtiles) character file.

55 kae the Insei (level 3, 0/39 HPs)
             Began as a Demonspawn Transmuter on June 21, 2018.
             Slain by a kobold (1 damage)
             ... on level 2 of the Dungeon.
             The game lasted 00:00:40 (799 turns).

kae the Insei (Demonspawn Transmuter)                Turns: 799, Time: 00:00:41

Health: 0/39       AC:  4    Str: 15    XL:     3   Next: 67%
Magic:  6/6        EV: 12    Int: 14    God:
Gold:   42         SH:  0    Dex: 14    Spells: 5/6 levels left

rFire    + . .     SeeInvis .     - Unarmed
rCold    . . .     Gourm    .   (no shield)
rNeg     . . .     Faith    .   b - +0 robe
rPois    .         Spirit   .   (no helmet)
rElec    .         Reflect  .   (no cloak)
rCorr    .         Harm     .   (no gloves)
MR       .....                  (no boots)
Stlth    ..........             (no amulet)
HPRegen  0.13/turn              h - ring of protection from fire
MPRegen  0.10/turn              (no ring)

@: berserking, lethally poisoned (0 -> 0), very quick
A: hooves 1, iridescent scales 1
a: no special abilities


You were on level 2 of the Dungeon.
You were not hungry.

You visited 1 branch of the dungeon, and saw 2 of its levels.

You collected 42 gold pieces.

Inventory:

Missiles
 a - 12 arrows
Armour
 b - a +0 robe (worn)
Jewellery
 h - a ring of protection from fire (left hand)
Potions
 f - a potion of berserk rage
 i - a potion of brilliance {unknown}
Comestibles
 d - 3 rations


   Skills:
 + Level 1.4 Fighting
 + Level 2.2 Dodging
 * Level 3.2 Unarmed Combat
 + Level 2.3 Spellcasting
 * Level 2.5 Transmutations


You had 5 spell levels left.
You knew the following spells:

 Your Spells              Type           Power        Failure   Level  Hunger
a - Beastly Appendage     Tmut           #.....       9%          1    #......

Your spell library contained the following spells:

 Spells                   Type           Power        Failure   Level  Hunger
 Spider Form              Tmut/Pois      #.........   38%         3    ###....
 Blade Hands              Tmut           #.........   92%         5    ######.
 Ice Form                 Ice/Tmut       #.......     80%         4    #####..
 Sticks to Snakes         Tmut           #.......     12%         2    ###....


Dungeon Overview and Level Annotations

Branches:
Dungeon (2/15)

Altars:


Innate Abilities, Weirdness & Mutations

You have large cloven feet.
You are partially covered in iridescent scales. (AC +2)


Message History

The adder barely misses you.
You closely miss the adder. Your kick misses the adder.
The adder is heavily wounded.
The adder completely misses you. The worm bites you.
* * * LOW HITPOINT WARNING * * *
The kobold hits you but does no damage.
The giant cockroach bites you but does no damage.
You barely miss the adder.
The adder is severely wounded.
The adder barely misses you. The adder closely misses you.
You punch the adder!
You kill the adder!
You feel sick. The giant cockroach closely misses you.
The kobold closely misses you. The adder bites you.
* * * LOW HITPOINT WARNING * * *
You punch the adder!
You kill the adder!
The worm barely misses you. The giant cockroach barely misses you.
The kobold hits you.
You die...

..###
.....#########.
..........#...
#............
#....[....)..
#............
#..Kw.......
#...@†......
#.(..s>.....
##$..(.!....
##.....#...
####### ##


You could see a worm, a giant cockroach and a kobold.

Vanquished Creatures
  3 adders (D:2)
  An ooze (D:1)
  A leopard gecko (D:1)
  4 giant cockroaches (D:1)
  2 goblins (D:1)
  2 hobgoblins (D:1)
  2 kobolds (D:1)
  3 bats (D:1)
  2 frilled lizards (D:1)
  4 rats (D:1)
24 creatures vanquished.

Notes
Turn   | Place    | Note
-------+----------+-------------------------------------------
     0 | D:1      | kae the Demonspawn Transmuter began the quest for the Orb.
     0 | D:1      | Reached XP level 1. HP: 15/15 MP: 3/3
    62 | D:1      | Gained mutation: You are partially covered in iridescent scales. (AC +2) [demonic ancestry]
    62 | D:1      | Reached XP level 2. HP: 9/21 MP: 3/5
   342 | D:1      | Reached skill level 3 in Unarmed Combat
   791 | D:2      | Gained mutation: You have large cloven feet. [demonic ancestry]
   791 | D:2      | Reached XP level 3. HP: 10/26 MP: 6/6
   798 | D:2      | HP: 1/39 [adder (3)]
   799 | D:2      | Slain by a kobold

Vault maps used:
D:1:      eino_arrival_tree_alley
D:2:      nicolae_overflow_crystal_walls, uniq_terence

Skill      XL: |  1  2 |
---------------+-------+-----
Transmutations | 2 |  2.5
Dodging        | 2 |  2.2
Unarmed Combat | 3 |  3.2
Fighting       | |  1.4
Spellcasting   | |  2.3

Action                   || total
-------------------------++-------
Melee: Unarmed           ||    79
       Kick              ||     5
       Headbutt          ||     3
       Punch             ||     1
 Cast: Beastly Appendage ||     7
  Use: Scroll            ||     3
       Potion            ||     1
Armor: Robe              ||    33
Dodge: Dodged            ||    89

Table legend:
 A = Spawn XP
 B = Non-spawn XP
 C = Spawn XP percentage of total XP
 D = Spawn monster count
 E = Non-spawn monster count
 F = Spawn count percentage of total count
 G = Total turns spent on level
                    A         B        C        D         E        F      G
               +---------+---------+-------+---------+---------+-------+---------
         Total |       0 |      79 |   0.0 |       0 |      24 |   0.0 |   799
               +---------+---------+-------+---------+---------+-------+---------
           D:1 |       0 |      40 |   0.0 |       0 |      21 |   0.0 |   777
           D:2 |       0 |      39 |   0.0 |       0 |       3 |   0.0 |    22
               +---------+---------+-------+---------+---------+-------+---------
